 Dungeon Crawl Stone Soup version 0.32-a0-42-ga30500b4d3 (webtiles) character file.

Game seed: 6130470007203595003

268 Newt the Cudgeller (level 6, 0/36 HPs)
             Began as a Gargoyle Monk on Feb 1, 2024.
             Was a Believer of Hepliaklqana.
             Slain by a wyvern (9 damage)
             ... on level 4 of the Dungeon.
             The game lasted 00:02:17 (2657 turns).

Newt the Cudgeller (Gargoyle Monk)                  Turns: 2657, Time: 00:02:17

Health: 0/36       AC:  7    Str: 17    XL:     6   Next: 21%
Magic:  6/6        EV: 12    Int: 10    God:    Hepliaklqana [**....]
Gold:   339        SH:  0    Dex: 15    Spells: 5/5 levels left

rFire   x . .        o - +7 short sword of a volcano {freeze, rF- rN++ Will+ rCorr Dex+3}
rCold   . . .        d - orb {light}
rNeg    + + +        b - +1 robe
rPois   ∞            (no helmet)
rElec   +            (no cloak)
rCorr   +            (no gloves)
SInv    .            (no boots)
Will    +....        m - amulet of the acrobat
Stlth   +            (no ring)
HPRegen 0.26/turn    (no ring)
MPRegen 0.10/turn

%: acrobat
@: confused, ambrosia-drunk, glowing
A: reduced essence, sickness immunity, AC +4, negative energy resistance 1,
electricity resistance, torment resistance 1, petrification resistance
a: Renounce Religion, Recall Ancestor, Ancestor Identity


You were on level 4 of the Dungeon.
You worshipped Hepliaklqana.
Hepliaklqana was pleased with you.
You visited 1 branch of the dungeon, and saw 4 of its levels.

You collected 339 gold pieces.

Inventory:

Hand Weapons
 a - a +0 mace
 c - a +2 trident of freezing
 i - a +2 spear of venom
 o - the +7 short sword of a volcano (weapon) {freeze, rF- rN++ Will+ rCorr Dex+3}
   (You found it on level 3 of the Dungeon)

   Dex+3:     It affects your dexterity (+3).
   rF-:       It makes you vulnerable to fire.
   rN++:      It greatly protects you from negative energy.
   Will+:     It increases your willpower.
   rCorr:     It protects you from acid and corrosion.
Missiles
 p - 5 boomerangs (quivered)
Armour
 b - a +1 robe (worn)
 d - an orb of light (worn)
Jewellery
 m - an amulet of the acrobat (around neck)
Scrolls
 e - a scroll of identify
 g - a scroll of blinking {unknown}
Potions
 f - a potion of might
 h - 2 potions of curing
 l - a potion of brilliance


   Skills:
 + Level 5.0 Fighting
 * Level 1.8 Short Blades
 - Level 5.2 Maces & Flails
 - Level 2.4 Dodging


You had 5 spell levels left.
You didn't know any spells.
Your spell library was empty.

Dungeon Overview and Level Annotations

Branches:
Dungeon (4/15)
 Temple: D:4-7

Altars:
Hepliaklqana
Okawaru
Xom


Innate Abilities, Weirdness & Mutations

Your life essence is reduced to manifest your ancestor. (-10% HP)
You are immune to sickness and miasma.
Your stone body is resilient. (AC +4)
You are immune to poison.
You resist negative energy. (rN+)
You are resistant to electric shocks. (rElec)
You are resistant to unholy torment.
You are immune to petrification.


Message History

Found an escape hatch in the floor.
You now have 330 gold pieces (gained 10).
You feel a little less mighty now.
You now have 339 gold pieces (gained 9).
g - a scroll labelled POTWUU CYGEHOI No target in view!
Found a hand axe.
A ball python comes into view.
The ball python hisses angrily.
A ball python is nearby!
Found a spear and a leather armour.
Found an iron altar of Okawaru.
You puncture the ball python!
The ball python seems to slow down.
You freeze the ball python.
You kill the ball python!
No target in view!
No target in view!
No target in view!
No target in view!
No target in view!
Found a mace.
You see here a ball python corpse.
Found a falchion.
No target in view!
A wyvern comes into view.
A wyvern is nearby!
A wyvern is nearby!
You barely miss the wyvern. The wyvern bites you! The wyvern bites you.
You hit the wyvern. You freeze the wyvern.
The wyvern is lightly wounded.
The wyvern bites you.
You hit the wyvern. You freeze the wyvern.
The wyvern is moderately wounded.
The wyvern bites you!
* * * LOW HITPOINT WARNING * * *
You are too injured to fight recklessly!
Unknown command.
You are confused.
You feel invigorated. The wyvern bites you!
You die...

....#..##......# ..............
...###.#.......# .##..#........
...# #....#.†..# .#####........
...# #...###...####.#.###.......#
...# ............................
.###...#.).).#.....##.#.####.....
......##.._..##.##.## #.....
.......#.)[).#..#...# #.
..).#...........@..##
.........###...kR..# .........
#........# ........ ...........#
....... #............ ...#..
..##....##..## ...... # ......
... ..... .#.#.#. ....


You could see the friendly Dusana the knight and a wyvern (ally target).

Vanquished Creatures
  A hound (D:4)
  Terence (D:2)
  Natasha (twice) (D:2)
  A gnoll (D:1)
  5 adders (D:3)
  A ribbon worm (D:4)
  An orc (D:3)
  4 bats
  2 endoplasms (D:3)
  A giant cockroach (D:1)
  5 hobgoblins
  6 jackals (D:2)
  7 kobolds
  A quokka (D:1)
  2 ball pythons
  2 frilled lizards
  5 rats
47 creatures vanquished.

Vanquished Creatures (collateral kills)
  2 hounds (D:4)
  An endoplasm (D:3)
  A goblin (D:3)
4 creatures vanquished.

Grand Total: 51 creatures vanquished

Notes
Turn   | Place    | Note
-------+----------+-------------------------------------------
     0 | D:1      | Newt the Gargoyle Monk began the quest for the Orb.
     0 | D:1      | Reached XP level 1. HP: 14/14 MP: 1/1
   169 | D:1      | Reached XP level 2. HP: 6/19 MP: 2/2
   838 | D:1      | Reached XP level 3. HP: 24/24 MP: 3/3
  1465 | D:2      | Found a shimmering altar of Xom.
  1556 | D:2      | Noticed Natasha
  1564 | D:2      | Killed Natasha
  1565 | D:2      | Reached XP level 4. HP: 22/29 MP: 4/4
  1623 | D:2      | Noticed Terence
  1634 | D:2      | Killed Terence
  1773 | D:2      | Noticed Natasha
  1783 | D:2      | Killed Natasha
  1814 | D:2      | You fall into a shaft and drop 1 floor!
  1837 | D:3      | Reached XP level 5. HP: 30/34 MP: 5/5
  1897 | D:3      | Found a hazy altar of Hepliaklqana.
  1917 | D:3      | Became a worshipper of Hepliaklqana the Forgotten
  1917 | D:3      | Reached * piety under Hepliaklqana
  1917 | D:3      | Reached ** piety under Hepliaklqana
  2038 | D:3      | Remembered your ancestor Dusana as a knight
  2050 | D:3      | Reached skill level 5 in Maces & Flails
  2244 | D:3      | Identified the +7 short sword of a volcano {freeze, rF-
                  | rN++ Will+ rCorr Dex+3}
  2562 | D:4      | Reached skill level 1 in Short Blades
  2562 | D:4      | Reached XP level 6. HP: 36/36 MP: 6/6
  2581 | D:4      | Reached skill level 5 in Fighting
  2641 | D:4      | Found an iron altar of Okawaru.
  2651 | D:4      | Noticed a wyvern
  2657 | D:4      | Slain by a wyvern

Illustrated notes

Levels and vault maps discovered:
D:1:      dpeg_arrival_boxorama, layout_loops_ring, roderic_serpentine_path,
          minmay_gold_behind_fungi
D:2:      layout_basic, nicolae_ecumenical_snake_handling, basic_altar,
          kennysheep_cross_room, uniq_natasha, uniq_terence
D:3:      layout_basic, mainiacjoe_overflow_catwalk, corexii_shack
D:4:      layout_cave_pools, okawaru_ov_weapons_minmay,
          minmay_temple_entry_enclosed_plants, serial_shops,
          nicolae_shop_gaudy_bauble

Skill      XL: |  1  2  3  4  5  6 |
---------------+-------------------+-----
Fighting       | 4 5 |  5.0
Maces & Flails | 4 5 |  5.2
Short Blades   | 1 |  1.8
Dodging        | |  2.4

Action                     |  1- 3 |  4- 6 || total
---------------------------+-------+-------++-------
  Melee: Mace              |    32 |       ||    32
         Spear             |    26 |    59 ||    85
         Short sword       |       |    14 ||    14
 Invoke: Ancestor Life: Kn |       |     1 ||     1
         Recall Ancestor   |       |     1 ||     1
    Use: Potion            |       |     4 ||     4
         Scroll            |       |     5 ||     5
 Armour: Robe              |    30 |    34 ||    64
         Skin              |       |     2 ||     2
  Dodge: Dodged            |    33 |    34 ||    67

Table legend: (Time is in decaauts)
 A = Elapsed time spent in this place.
 B = Non-inter-level travel time spent in this place.
 C = Inter-level travel time spent in this place.
 D = Time resting spent in this place.
 E = Time spent auto-exploring this place.
 F = Levels seen in this place.
 G = Mean time per level.
                   A        B        C        D        E       F      G
               +--------+--------+--------+--------+--------+-----+--------+
         Total |   2670 |   2560 |    110 |    356 |   1831 |   4 |  667.5 |
       Dungeon |   2670 |   2560 |    110 |    356 |   1831 |   4 |  667.5 |
               +--------+--------+--------+--------+--------+-----+--------+

Top non-repeatable levels by time:
     D:1: 1403 daAuts
     D:3: 692 daAuts
     D:2: 422 daAuts
     D:4: 152 daAuts
